 Dungeon Crawl Stone Soup version 0.32-a0-909-gc671339a80 (webtiles) character file.

Game seed: 12674021270358236286

313963 pakraka the Slayer (level 20, -10/210 HPs)
             Began as a Minotaur Fighter on Apr 1, 2024.
             Was a High Priest of Trog.
             Mangled by Norris the human simulacrum (12 damage)
             ... animated by a necromancer
             ... on level 3 of the Vaults on Apr 7, 2024.
             The game lasted 03:38:53 (48505 turns).

pakraka the Slayer (Minotaur Fighter)              Turns: 48505, Time: 03:38:53

Health: -10/210    AC: 32    Str: 35    XL:     20   Next: 47%
Magic:  1/6        EV: 18    Int:  7    God:    Trog [*****.]
Gold:   4173       SH:  0    Dex: 15    Spells: 19/19 levels left

rFire   . . .        b - +8 Wrath of Trog {antimagic, *Rage Rampage}
rCold   . . .        (shield currently unavailable)
rNeg    . . .        K - +1 chain mail {rPois}
rPois   +            (helmet restricted)
rElec   .            J - +2 cloak
rCorr   .            N - +2 pair of gloves {infuse}
SInv    .            a - +1 pair of boots "Tetaxeqi" {Rampage Str+6}
Will    +....        F - amulet of magic regeneration Stlth
                     n - +6 ring of dexterity
HPRegen 0.55/turn    I - +4 ring of protection
MPRegen 0.50/turn

%: random rage (50%), rampage, infuse magic (1 MP)
@: marked, on berserk cooldown, slowed, very slow
A: horns 2, retaliatory headbutt
}: 2/15 runes: barnacled, gossamer
a: Renounce Religion, Berserk, Trog's Hand, Brothers in Arms


You were on level 3 of the Vaults.
You worshipped Trog.
Trog was extremely pleased with you.
You visited 8 branches of the dungeon, and saw 35 of its levels.
You also visited: Ice Cave.

You collected 4343 gold pieces.
You spent 170 gold pieces at shops.

Inventory:

Hand Weapons
 b - the +8 Wrath of Trog (weapon) {antimagic, *Rage Rampage}
   (You acquired it on level 4 of the Dungeon)

   It causes slowness and exhaustion when equipped.
   It extends the wielder's berserk rage when killing foes.
   *Rage:     It berserks you when you make melee attacks (+50% chance).
   Rampage:   It bestows one free step when moving towards enemies.
 c - the +7 demon blade of Tortfeasance {flame, rElec SInv}
   (Trog gifted it to you on level 1 of the Orcish Mines)

   rElec:     It insulates you from electricity.
   SInv:      It lets you see invisible.
 A - the +8 demon blade "Leech" {evervamp, Harm ^Drain rN+}
   (You found it on level 7 of the Dungeon)

   rN+:       It protects you from negative energy.
   ^Drain:    It drains your maximum health when unequipped.
   Harm:      It increases damage dealt and taken.
Missiles
 t - 9 throwing nets (quivered)
Armour
 a - the +1 pair of boots "Tetaxeqi" (worn) {Rampage Str+6}
   (You acquired it on level 2 of the Spider Nest)

   Str+6:     It affects your strength (+6).
   Rampage:   It bestows one free step when moving towards enemies.
 q - a +2 plate armour of fire resistance
 J - a +2 cloak (worn)
 K - a +1 chain mail of poison resistance (worn)
 N - a +2 pair of gloves of infusion (worn)
Jewellery
 g - a ring of ice
 m - a ring of protection from fire
 n - a +6 ring of dexterity (left hand)
 p - a ring of see invisible
 w - a ring of flight
 z - an amulet of the acrobat
 F - an amulet of magic regeneration (around neck)
 I - a +4 ring of protection (right hand)
 W - a ring of protection from cold
Wands
 o - a wand of charming (26)
 s - a wand of roots (27)
 E - a wand of quicksilver (15)
 H - a wand of mindburst (48)
 Y - a wand of flame (27)
 Z - a wand of digging (4)
Scrolls
 e - 2 scrolls of poison
 k - a scroll of enchant armour
 x - 3 scrolls of summoning
 C - 2 scrolls of silence
 D - 14 scrolls of teleportation
 T - 5 scrolls of blinking
 V - a scroll of fog
Potions
 d - 4 potions of might
 f - 5 potions of curing
 h - 5 potions of magic
 i - 3 potions of heal wounds
 r - 13 potions of haste
 v - 3 potions of resistance
 M - 3 potions of invisibility
 U - 4 potions of ambrosia
Miscellaneous
 y - a condenser vane
 B - a box of beasts


   Skills:
 - Level 25.0 Fighting
 - Level 20.0 Axes
 + Level 23.9 Armour
 - Level 18.0 Dodging
 - Level 5.6 Shields
 - Level 10.0 Evocations


You had 19 spell levels left.
You didn't know any spells.
Your spell library contained the following spells:

 Spells                   Type           Power      Damage    Failure   Level
 Freeze                   Ice            0%         1d3       65%         1
 Kiss of Death            Conj/Necr      0%         2d5       65%         1
 Magic Dart               Conj           0%         1d3       65%         1
 Ensorcelled Hibernation  Hex/Ice        0%         N/A       78%         2
 Jinxbite                 Hex            0%         N/A       78%         2
 Searing Ray              Conj           0%         2d4       78%         2
 Call Canine Familiar     Summ           0%         N/A       95%         3
 Confusing Touch          Hex            0%         N/A       95%         3
 Frozen Ramparts          Ice            0%         1d1       95%         3
 Hailstorm                Conj/Ice       0%         3d5       95%         3
 Passwall                 Erth           0%         N/A       95%         3
 Sigil of Binding         Hex            0%         N/A       95%         3
 Swiftness                Air            0%         N/A       95%         3
 Animate Dead             Necr           0%         N/A       100%        4
 Dimensional Bullseye     Hex/Tloc       0%         N/A       100%        4
 Dispel Undead            Necr           0%         3d6       100%        4
 Fulminant Prism          Conj/Alch      0%         3d5       100%        4
 Borgnjor's Vile Clutch   Necr/Erth      0%         N/A       100%        5
 Yara's Violent Unravell  Hex/Alch       0%         3d3       100%        5
 Death Channel            Necr           0%         N/A       100%        6
 Enfeeble                 Hex            0%         N/A       100%        7
 Haunt                    Necr/Summ      0%         N/A       100%        7
 Infestation              Necr           0%         N/A       100%        8


Dungeon Overview and Level Annotations

Branches:
Dungeon (15/15)            Temple (1/1) D:4            Lair (5/5) D:11
 Shoals (4/4) Lair:2       Spider (4/4) Lair:3        Slime (0/5) Lair:5
    Orc (2/2) D:9             Elf (1/3) Orc:2        Vaults (3/5) D:14
  Crypt (0/3) Vaults:2     Depths (0/4) D:15          IceCv (visited)

Altars:
Ashenzari
Cheibriados
Dithmenos
Elyvilon
Fedhas
Gozag
Hepliaklqana
Kikubaaqudgha
Makhleb
Nemelex Xobeh
Okawaru
Qazlal
Ru
Sif Muna
Trog
Uskayaw
Vehumet
Wu Jian
Xom
Yredelemnul
Zin
The Shining One
Beogh
Jiyva

Shops:
D:12 **   Orc:2 (*[(   Vaults:2 [*

Portals:
Bazaar: Vaults:3

Annotations:
Lair:5 exclusion: obsidian statue


Innate Abilities, Weirdness & Mutations

You have a pair of horns on your head.
You reflexively headbutt those who attack you in melee.


Message History

The ironbound preserver completely misses you.
You furiously retaliate!
You headbutt the ironbound preserver! Norris attacks as it pursues you!
Norris hits you but does no damage.
A vault guard comes into view. It is wielding a +0 battleaxe of venom.
The vault guard hits you with a +2 long sword of freezing.
* * * LOW HITPOINT WARNING * * *
The vault guard freezes you.
* * * LOW HITPOINT WARNING * * *
The ironbound preserver hits you but does no damage.
You carve the vault guard like a ham!!!
You headbutt the vault guard, but do no damage.
The vault guard is severely wounded.
You slice the yaktaur simulacrum!!
The yaktaur simulacrum vaporises!
You slice the ironbound preserver!!
The ironbound preserver's magic leaks into the air.
You barely miss Norris.
The necromancer gestures wildly while chanting.
The necromancer binds the souls of nearby monsters.
The vault guard hits you with a +2 long sword of freezing!
* * * LOW HITPOINT WARNING * * *
The vault guard freezes you.
* * * LOW HITPOINT WARNING * * *
The ironbound preserver hits you but does no damage.
Norris hits you!
* * * LOW HITPOINT WARNING * * *
Norris freezes you!!!
* * * LOW HITPOINT WARNING * * *
As you read the scroll of fear, it crumbles to dust.
You assume a fearsome visage.
Norris is unaffected.
The necromancer resists with almost no effort.
The vault guard simulacrum is unaffected.
The tengu reaver zombie is unaffected.
The fire giant skeleton is unaffected.
The vault warden looks frightened!
The ironbound preserver looks frightened!
The ironbound convoker looks frightened!
The vault guard looks frightened! x2
The ironbound preserver's magic is no longer disrupted.
Norris hits you!
You die...

,Z@~...# **,.......,**
,,#....# **......,**
,,#....# *#...,,**
#+#...p#########+##***
......)).ZZ.†~)[..#
......~)).[.Z~~...#
.........)[...p)~~#
...........p..p)Z°#
.............pp.@~#
.............p.Z..#
..................#*******
..................#,,,,,,*
..................+,,,,,,*
,,,,,,,...........#,,,,,,*
***,,,,*###+#######,,,,,,*
*,,,,* *,,,,,,**,,,,,,*
*,,,,* *,,,,,,**,,,,,,*


You could see an ironbound preserver (soul bound, fleeing), a vault warden (soul
bound, fleeing), 2 vault guards, an ironbound convoker (soul bound, fleeing), a
necromancer, a vault guard simulacrum, Norris the human simulacrum, a deep elf
demonologist zombie, a tengu reaver zombie and a fire giant skeleton.

Vanquished Creatures
  Norris (Vaults:3)
  Frances (Shoals:1)
  2 krakens
  2 sphinxes
  The ghost of Zifaik the Warrior, an adept GrFi of Okawaru (Shoals:2)
  Donald (Shoals:1)
  A fire giant (Vaults:2)
  The ghost of Soigis the Convoker, an adept GrSu (Shoals:2)
  2 frost giants (IceCv)
  10 vault wardens
  7 emperor scorpions
  A ghost moth (Spider:4)
  2 orc warlords
  2 formless jellyfish
  5 ironbound thunderhulks
  5 broodmothers
  13 ironbound preservers
  A vampire knight (Vaults:2)
  Nessos (D:13)
  A war gargoyle (Vaults:3)
  A white draconian (IceCv)
  9 dire elephants
  4 spark wasps
  9 merfolk impalers
  6 merfolk javelineers
  A crystal guardian (Vaults:3)
  An ettin (D:15)
  A deep elf high priest (Vaults:1)
  3 great orbs of eyes
  3 entropy weavers
  7 yaktaur captains
  4 hydras
  4 ice dragons (IceCv)
  Harold (Lair:1)
  3 peacekeepers
  13 vault guards
  2 alligator snapping turtles (Shoals:4)
  11 ironbound frosthearts
  A jorogumo (Spider:4)
  An ogre mage (D:15)
  A satyr (Shoals:4)
  11 centaur warriors
  5 merfolk avatars
  7 dancing weapons (Elf:1)
  3 merfolk aquamancers
  6 boulder beetles
  6 radroaches
  8 two-headed ogres
  A tengu warrior (D:15)
  A vampire mage (Vaults:2)
  15 demonic crawlers
  2 orc high priests (Orc:2)
  A hell knight (D:15)
  11 deep elf knights (Elf:1)
  10 skysharks
  A fire crab (Lair:5)
  A spectral death yak (Lair:5)
  10 pharaoh ants
  13 orb spiders
  31 deep trolls
  13 sea snakes
  2 arcanists
  Pikel (D:5)
  A sun moth (Spider:2)
  A glowing orange brain (Vaults:3)
  A kraken simulacrum (Shoals:4)
  6 deep elf archers (Elf:1)
  An orange crystal statue (IceCv)
  35 harpies
  5 steelbarb worms
  14 ironbound convokers
  5 obsidian bats
  6 lindwurms
  15 wolf spiders
  4 necromancers
  20 deep elf pyromancers
  17 deep elf zephyrmancers
  2 fauns (Shoals:2)
  2 orc knights (Vaults:2)
  A cyclops (shapeshifter) (Vaults:2)
  Maurice (D:8)
  12 ugly things
  4 orc sorcerers (Orc:2)
  6 cyclopes
  12 manticores
  A shining eye (shapeshifter) (Vaults:2)
  4 moths of wrath
  6 meliai (Spider:2)
  20 slime creatures
  11 merfolk sirens
  10 black mambas
  32 elephants
  4 torpor snails
  Maggie (D:8)
  7 water nymphs
  9 vault sentinels
  Joseph (D:7)
  A cane toad (shapeshifter) (D:15)
  7 cane toads
  3 gargoyles
  14 rime drakes
  8 komodo dragons
  Jeremiah (D:7)
  22 yaktaurs
  2 freezing wraiths
  8 trolls
  33 merfolk
  9 polar bears
  A queen bee (D:10)
  An elf simulacrum (Vaults:2)
  A hornet (D:9)
  21 tarantellas
  8 wind drakes
  30 blink frogs
  A shadow dragon simulacrum (Vaults:2)
  2 dream sheep (Shoals:1)
  7 snapping turtles
  21 jumping spiders
  A culicivora (shapeshifter) (D:8)
  An air elemental (Elf:1)
  A spriggan (Lair:1)
  A yak (shapeshifter) (D:14)
  A shadow (D:9)
  15 culicivoras
  5 wyverns
  10 water elementals
  30 yaks
  2 wraiths
  5 basilisks
  2 fire elementals (Elf:1)
  2 death yak simulacra (Lair:5)
  43 redbacks
  A naga (shapeshifter) (Vaults:1)
  2 steam dragons
  A spectral cane toad (Lair:5)
  2 acid dragons (D:11)
  13 water moccasins
  20 orc warriors
  An ice beast (D:6)
  A sky beast (D:8)
  2 laughing skulls (D:15)
  6 ogres
  A boggart (Vaults:2)
  13 wolves
  13 centaurs
  A human skeleton (Vaults:2)
  A lemure (D:5)
  A phantom (D:5)
  6 kobold brigands
  12 bullfrogs
  2 gnoll sergeants
  4 cane toad simulacra (Lair:5)
  4 scorpions
  An earth elemental (Elf:1)
  15 wights
  33 killer bees
  An elephant simulacrum (Lair:5)
  3 electric eels
  2 howler monkeys (D:8)
  3 jellies
  11 hounds
  2 bombardier beetles
  15 orc priests
  2 iguanas
  Jessica (D:3)
  A sleepcap (D:7)
  Natasha (thrice) (D:3)
  6 hell rats (Lair:2)
  27 orc wizards
  Robin (D:3)
  14 gnolls
  7 adders
  A shadow imp (D:8)
  4 dart slugs
  A ribbon worm (D:7)
  56 orcs
  9 bats
  5 endoplasms
  3 giant cockroaches
  18 goblins
  6 hobgoblins
  6 jackals
  31 kobolds
  7 quokkas
  6 ball pythons
  2 frilled lizards
  4 rats
  A butterfly (Lair:1)
  A tentacle (Shoals:4)
1318 creatures vanquished.

Vanquished Creatures (collateral kills)
  Ilsuiw (Shoals:3)
  An alligator snapping turtle (Shoals:4)
  2 merfolk sirens (Shoals:3)
  A merfolk (Shoals:4)
5 creatures vanquished.

Vanquished Creatures (others)
  A deep elf knight (Elf:1)
  A tengu conjurer (D:14)
  Sigmund (D:3)
  An orc wizard (Orc:2)
  15 tentacles
19 creatures vanquished.

Grand Total: 1342 creatures vanquished

Notes
Turn   | Place    | Note
-------+----------+-------------------------------------------
     0 | D:1      | pakraka the Minotaur Fighter began the quest for the Orb.
     0 | D:1      | Reached XP level 1. HP: 19/19 MP: 0/0
    70 | D:1      | Reached XP level 2. HP: 27/27 MP: 1/1
   306 | D:1      | Reached skill level 4 in Fighting
   453 | D:1      | Reached XP level 3. HP: 33/33 MP: 2/2
  1084 | D:3      | Noticed Jessica
  1091 | D:3      | Killed Jessica
  1092 | D:3      | Reached XP level 4. HP: 35/41 MP: 3/3
  1296 | D:3      | Noticed Sigmund
  1309 | D:3      | Killed Sigmund
  1310 | D:3      | Reached skill level 5 in Fighting
  1310 | D:3      | Reached skill level 5 in Armour
  1310 | D:3      | Reached skill level 5 in Shields
  1310 | D:3      | Reached XP level 5. HP: 42/48 MP: 4/4
  1317 | D:3      | Reached XP level 6. HP: 52/56 MP: 5/5
  1322 | D:3      | Noticed Robin
  1335 | D:3      | Killed Robin
  1427 | D:3      | Noticed Natasha
  1433 | D:3      | Killed Natasha
  1503 | D:3      | Noticed Natasha
  1509 | D:3      | Killed Natasha
  1723 | D:3      | Noticed Natasha
  1731 | D:3      | Killed Natasha
  2968 | D:4      | Identified a scroll of acquirement
  2968 | D:4      | Acquired the +8 Wrath of Trog {antimagic, *Rage Rampage}
  2968 | D:4      | Found the +8 Wrath of Trog {antimagic, *Rage Rampage}
  3320 | D:4      | Found a staircase to the Ecumenical Temple.
  3320 | D:4      | Identified the +1 ring mail of Wetialas {^Contam rElec rN+
                  | Int+8}
  3450 | D:4      | Found a radiant altar of Vehumet.
  3666 | D:4      | Acquired a manual of Axes
  3675 | Temple   | Entered the Ecumenical Temple
  3912 | D:5      | Entered Level 5 of the Dungeon
  3933 | D:5      | Reached skill level 5 in Axes
  3933 | D:5      | Reached XP level 7. HP: 62/62 MP: 2/6
  3975 | D:5      | Found a hide-covered altar of Uskayaw.
  4071 | D:5      | Reached skill level 6 in Fighting
  4235 | D:5      | Noticed Pikel
  4260 | D:5      | Killed Pikel
  4261 | D:5      | Reached skill level 7 in Fighting
  4261 | D:5      | Reached XP level 8. HP: 73/73 MP: 2/7
  5183 | D:6      | Found an iron altar of Okawaru.
  5591 | D:6      | Reached skill level 8 in Fighting
  5970 | D:6      | Reached skill level 10 in Axes
  6144 | D:7      | Reached XP level 9. HP: 82/82 MP: 2/8
  6175 | D:7      | Found the +8 demon blade "Leech" {evervamp, Harm ^Drain
                  | rN+}
  6314 | D:7      | Reached skill level 9 in Fighting
  6403 | D:7      | Noticed Joseph
  6412 | D:7      | Killed Joseph
  6480 | D:7      | Acquired 767 gold pieces
  6659 | D:7      | Found a snail-covered altar of Cheibriados.
  6659 | D:7      | Noticed Jeremiah
  6670 | D:7      | Killed Jeremiah
  6953 | D:8      | Noticed Maurice
  6962 | D:8      | Reached skill level 10 in Fighting
  6967 | D:8      | Something stole the +8 demon blade "Leech" {evervamp, Harm
                  | ^Drain rN+}
  6970 | D:8      | Killed Maurice
  6971 | D:8      | Reached skill level 10 in Armour
  6985 | D:8      | Reached XP level 10. HP: 68/94 MP: 3/9
  7310 | D:8      | Noticed Maggie
  7331 | D:8      | Reached skill level 11 in Fighting
  7360 | D:8      | Killed Maggie
  7713 | D:8      | Found an opulent altar of Gozag.
  7806 | D:8      | Noticed a two-headed ogre
  7816 | D:8      | Killed a two-headed ogre
  7817 | D:8      | Reached skill level 15 in Axes
  7820 | D:8      | Reached skill level 12 in Fighting
  8059 | D:8      | Found a hazy altar of Hepliaklqana.
  8231 | D:9      | Found a glowing silver altar of Zin.
  8258 | D:9      | Found a staircase to the Orcish Mines.
  8391 | D:9      | Reached XP level 11. HP: 104/104 MP: 3/10
  8471 | D:9      | Found a bloodstained altar of Trog.
  8552 | D:9      | Became a worshipper of Trog the Wrathful
  9010 | D:10     | Entered Level 10 of the Dungeon
  9018 | D:10     | Found a broken altar of Ashenzari.
  9051 | D:10     | Found a sacrificial altar of Ru.
  9100 | D:10     | Noticed a two-headed ogre
  9105 | D:10     | Killed a two-headed ogre
  9533 | D:10     | Reached * piety under Trog
  9593 | D:10     | Found a sparkling altar of Nemelex Xobeh.
  9775 | D:11     | Noticed a two-headed ogre
  9781 | D:11     | Killed a two-headed ogre
  9782 | D:11     | Found a staircase to the Lair.
  9784 | D:11     | Reached skill level 13 in Fighting
  9912 | D:11     | Noticed a two-headed ogre
  9916 | D:11     | Killed a two-headed ogre
 10601 | Lair:1   | Entered Level 1 of the Lair of Beasts
 10902 | Lair:1   | Reached ** piety under Trog
 10956 | Lair:1   | Noticed Harold
 10966 | Lair:1   | Killed Harold
 10967 | Lair:1   | Reached XP level 12. HP: 64/116 MP: 3/11
 11147 | Lair:1   | You fall into a shaft and drop 1 floor!
 11180 | Lair:2   | Found a hide-covered altar of Uskayaw.
 11180 | Lair:2   | Found an ornate altar of the Wu Jian Council.
 11180 | Lair:2   | Noticed a boulder beetle
 11205 | Lair:2   | Killed a boulder beetle
 11206 | Lair:2   | Reached skill level 14 in Fighting
 11617 | Lair:2   | Reached skill level 1 in Evocations
 12100 | Lair:2   | Found a staircase to the Shoals.
 12330 | Lair:2   | Reached *** piety under Trog
 12948 | Lair:1   | Noticed a seven-headed hydra
 12961 | Lair:1   | Killed a ten-headed hydra
 12962 | Lair:1   | Reached skill level 15 in Fighting
 13990 | Lair:3   | Found a snail-covered altar of Cheibriados.
 14226 | Lair:3   | Reached skill level 15 in Armour
 14226 | Lair:3   | Reached XP level 13. HP: 126/126 MP: 4/12
 14349 | Lair:3   | Found a hole to the Spider Nest.
 15320 | Lair:4   | Reached skill level 5 in Evocations
 15321 | Lair:4   | Reached **** piety under Trog
 15976 | Lair:5   | Entered Level 5 of the Lair of Beasts
 15997 | Lair:5   | Reached skill level 16 in Fighting
 16236 | Lair:5   | Reached XP level 14. HP: 136/138 MP: 4/13
 16562 | Lair:5   | Found a viscous altar of Jiyva.
 16562 | Lair:5   | Found a staircase to the Slime Pits.
 16705 | Lair:5   | Reached ***** piety under Trog
 17775 | Orc:1    | Entered Level 1 of the Orcish Mines
 17857 | Orc:1    | Identified the +7 demon blade of Tortfeasance {flame, rElec
                  | SInv} (Trog gifted it to you on level 1 of the Orcish
                  | Mines)
 17857 | Orc:1    | Received a gift from Trog
 18064 | Orc:2    | Entered Level 2 of the Orcish Mines
 18526 | Orc:2    | Reached skill level 17 in Fighting
 18567 | Orc:2    | Found Wushrif's Weapon Shop.
 18567 | Orc:2    | Found Irazim's Weapon Boutique.
 18567 | Orc:2    | Found Nemoipteu's Armour Shop.
 18570 | Orc:2    | Found Yhydwec's Assorted Antiques.
 18920 | Orc:2    | Found a staircase to the Elven Halls.
 18943 | Orc:2    | Received a gift from Trog
 18970 | Orc:2    | Found a roughly hewn altar of Beogh.
 19272 | D:12     | Found Narekhe's Assorted Antiques.
 19284 | D:12     | Bought a dented peridot amulet for 170 gold pieces
 19559 | D:12     | Found a glowing golden altar of the Shining One.
 20113 | D:12     | Found Guqomat's Fire Supplies.
 20455 | D:13     | Found a blossoming altar of Fedhas.
 20552 | D:13     | Noticed Nessos
 20567 | D:13     | Killed Nessos
 21719 | D:14     | Found a gate to the Vaults.
 21743 | D:14     | Reached XP level 15. HP: 147/147 MP: 4/14
 22274 | D:15     | Entered Level 15 of the Dungeon
 22527 | D:15     | Found a staircase to the Depths.
 22655 | D:15     | Reached skill level 18 in Fighting
 23855 | Spider:1 | Entered Level 1 of the Spider Nest
 24451 | Spider:1 | Received a gift from Trog
 24695 | Spider:1 | HP: 3/150 [culicivora[a broodmother] (14)]
 25525 | Spider:1 | Reached skill level 10 in Evocations
 25870 | Elf:1    | Entered Level 1 of the Elven Halls
 25876 | Elf:1    | Paralysed by an air elemental for 1 turns
 25885 | Elf:1    | Reached skill level 1 in Dodging
 26177 | Elf:1    | Reached skill level 19 in Fighting
 26209 | Elf:1    | Reached skill level 5 in Dodging
 26209 | Elf:1    | Reached XP level 16. HP: 151/160 MP: 5/15
 26529 | Elf:1    | Reached ****** piety under Trog
 26805 | Elf:1    | Received a gift from Trog
 26891 | Elf:1    | Found a shimmering blue altar of Sif Muna.
 27170 | Elf:1    | Upgraded the game from 0.32-a0-876-gcfddb08e57 to
                  | 0.32-a0-886-g41c5271027
 27354 | Shoals:1 | Entered Level 1 of the Shoals
 27507 | Shoals:1 | Reached skill level 10 in Dodging
 27637 | Shoals:1 | Noticed Frances
 27683 | Shoals:1 | Killed Frances
 28346 | Shoals:1 | Noticed Donald
 28355 | Shoals:1 | Killed Donald
 29570 | Shoals:2 | Found a glacial archway.
 29592 | Shoals:2 | Received a gift from Trog
 29729 | IceCv    | Entered an ice cave
 29782 | IceCv    | Reached skill level 20 in Fighting
 30964 | IceCv    | Reached XP level 17. HP: 170/170 MP: 5/16
 31777 | IceCv    | Received a gift from Trog
 32816 | Shoals:2 | Found a runed translucent gate.
 32858 | Shoals:2 | Found a runed translucent gate.
 32859 | Shoals:2 | Found a runed translucent gate.
 32860 | Shoals:2 | Noticed Soigis's ghost (adept GrSu)
 32861 | Shoals:2 | Noticed Zifaik's ghost (adept GrFi)
 33107 | Shoals:2 | Noticed a kraken
 33113 | Shoals:2 | Killed a kraken
 33489 | Shoals:2 | Killed Zifaik's ghost
 33495 | Shoals:2 | Killed Soigis's ghost
 34383 | Shoals:3 | Noticed Ilsuiw
 34410 | Shoals:3 | Killed Ilsuiw
 34444 | Shoals:3 | Reached skill level 15 in Dodging
 35015 | Shoals:3 | Identified the +1 dagger "Eckilot" {flame, Int+3 Stlth+}
 35520 | Shoals:4 | Entered Level 4 of the Shoals
 35991 | Shoals:4 | Identified the +4 great sword "Deidog" {flame, rPois
                  | Stlth+}
 36587 | Shoals:4 | Received a gift from Trog
 36669 | Shoals:4 | Reached skill level 21 in Fighting
 37831 | Shoals:4 | Reached XP level 18. HP: 145/182 MP: 5/17
 38394 | Shoals:4 | Reached skill level 22 in Fighting
 38508 | Shoals:4 | Got a barnacled rune of Zot
 39222 | Spider:2 | Upgraded the game from 0.32-a0-886-g41c5271027 to
                  | 0.32-a0-891-gc41d80381e
 39227 | Spider:2 | Acquired the +1 pair of boots "Tetaxeqi" {Rampage Str+6}
 40985 | Spider:3 | Received a gift from Trog
 41530 | Spider:4 | Entered Level 4 of the Spider Nest
 42656 | Spider:4 | Reached skill level 23 in Fighting
 42691 | Spider:4 | Received a gift from Trog
 42849 | Spider:4 | Reached XP level 19. HP: 178/195 MP: 6/18
 42889 | Spider:4 | Got a gossamer rune of Zot
 43496 | Spider:4 | Upgraded the game from 0.32-a0-891-gc41d80381e to
                  | 0.32-a0-909-gc671339a80
 43838 | Vaults:1 | Entered Level 1 of the Vaults
 44172 | Vaults:1 | Reached skill level 24 in Fighting
 45232 | Vaults:1 | Identified the +4 battleaxe of World's End {flame, Dex+2
                  | Stlth+} (Trog gifted it to you on level 1 of the Vaults)
 45232 | Vaults:1 | Received a gift from Trog
 45595 | Vaults:2 | Reached skill level 25 in Fighting
 46001 | Vaults:2 | Found Ucsyoxti's Armour Emporium.
 46159 | Vaults:2 | Received a gift from Trog
 47111 | Vaults:2 | Found Yphuilou's Assorted Antiques.
 47316 | Vaults:2 | Found a staircase to the Crypt.
 47334 | Vaults:2 | Reached XP level 20. HP: 94/210 MP: 1/19
 47689 | Vaults:2 | Received a gift from Trog
 48068 | Vaults:3 | Found a flickering gateway to a bazaar.
 48455 | Vaults:3 | Noticed Norris
 48477 | Vaults:3 | Received a gift from Trog
 48502 | Vaults:3 | Killed Norris
 48504 | Vaults:3 | HP: 1/210 [Norris the human simulacrum[a necromancer] (49)]
 48505 | Vaults:3 | Mangled by Norris the human simulacrum

Illustrated notes

Levels and vault maps discovered:
D:1:      lightli_arrival_flooded_house, layout_basic
D:2:      layout_loops_ring, minmay_misc_feat_four_crosses, grunt_ministairs_9,
          grunt_decor_one_mirror, kennysheep_small_spiral,
          hangedman_decor_slide_cut
D:3:      layout_loops_cross, uniq_sigmund, uniq_natasha, uniq_robin,
          uniq_jessica
D:4:      layout_loops_cross, vehumet_crystals, minmay_temple_entry_water_ring
D:5:      layout_layer_cave, eat_drink_and_be_merry_uskayaw,
          hangedman_decor_peaks_small, uniq_pikel
D:6:      layout_basic, kennysheep_okawaru_gauntlet
D:7:      layout_cave_pools, slow_altar_2, dk_rats_in_the_wall, uniq_jeremiah,
          uniq_joseph
D:8:      layout_rooms, nicolae_gozag_seed_capital, general_overflow_altar,
          serial_aquarium, aquarium_bridge_island_large
          [aquarium_subvault_large_open, aquarium_subvault_wall,
          aquarium_subvault_window, aquarium_subvault_bridge,
          aquarium_subvault_wall], aquarium_bridge_square
          [aquarium_subvault_balcony, aquarium_subvault_bridge,
          aquarium_subvault_wall, aquarium_subvault_bridge], aquarium_window_2,
          aquarium_window_1, aquarium_view_2f, aquarium_view_2f,
          grunt_potential, uniq_maurice, uniq_maggie
D:9:      layout_long_grid, trog_book, mainiacjoe_overflow_alcove_2, david_orc_2
D:10:     layout_roguey, lemuel_tele_altar, nicolae_overflow_crystal_walls,
          nicolae_ashenzari_skybound, nicolae_looking_at_the_future
D:11:     layout_cave_pools, erik_lair_island, serial_rivers,
          chequers_serial_rivers_room_a, chequers_serial_rivers_room_a,
          chequers_serial_rivers_room_b, chequers_serial_rivers_room_b,
          dk_noncrumbling_2
D:12:     layout_stronghold, serial_shops, shop, nicolae_shop_fire_sale
          [nicolae_sub_dead_trees], drop_trap, minmay_stone_trees_medium,
          nicolae_tso_carved_into_rock
D:13:     layout_loops_ring, fedhas_altar_1, uniq_nessos
D:14:     layout_irregular_city, erik_vaults_2, hangedman_decor_clover_reticule,
          nicolae_fountain_basement
D:15:     hangedman_depths_entry_civil_slaughter, layout_basic,
          corexii_leaking_fountain
Temple:   hellmonk_temple_of_storms
Lair:1:   layout_layer_cave, grunt_forest_large_clearing_hut,
          grunt_megastairs_5, lemuel_fruit_fields, infiniplex_staircase_pool_2,
          serial_bayou_shore_a, uniq_harold
Lair:2:   layout_regular_city, mainiacjoe_shoals_entry_four_pools,
          columned_hall_lemuel, st_stairs_9, nzn_masters_of_martial_movement,
          infiniplex_staircase_pool
Lair:3:   layout_cave_pods, spider_nest_entry_webs,
          hangedman_lair_unloving_vines, kennysheep_snail_temple
Lair:4:   wander_river, layout_loops_ring, st_stairs_8
Lair:5:   due_jungle_book, layout_loops_ring, minmay_slime_entry_pillars
Shoals:1: layout_shoals, nicolae_shoals_square_sea_wall, uniq_frances,
          uniq_donald
Shoals:2: layout_shoals, gammafunk_ghost_cemetery,
          portal_ice_cave_entry_pillars_1, nicolae_shoals_former_cling_halls
Shoals:3: layout_shoals, uniq_ilsuiw
Shoals:4: shoals_end_grunt_ice, layout_shoals
Spider:1: layout_spider_delve, nicolae_spider_circle_web, hellmonk_test_site
Spider:2: nicolae_spider_hilbert_zone_2 [nicolae_spider_hilbert_4_sides_1_open,
          nicolae_spider_hilbert_4_sides_1_open,
          nicolae_spider_hilbert_4_sides_1_open,
          nicolae_spider_hilbert_4_sides_1_open,
          nicolae_spider_hilbert_6_sides_1_open,
          nicolae_spider_hilbert_6_sides_1_open,
          nicolae_spider_hilbert_3_sides_1_open,
          nicolae_spider_hilbert_3_sides_1_open,
          nicolae_spider_hilbert_3_sides_1_open,
          nicolae_spider_hilbert_3_sides_1_open,
          nicolae_spider_hilbert_6_sides_1_open,
          nicolae_spider_hilbert_6_sides_1_open,
          nicolae_spider_hilbert_6_sides_1_open,
          nicolae_spider_hilbert_6_sides_1_open], nicolae_crawler_farm
Spider:3: layout_cave_pods
Spider:4: grunt_spider_rune_circles
Orc:1:    layout_caves
Orc:2:    st_orc_mages, layout_caves, basic_altar, mines2_lemuel
Elf:1:    eino_elf_arrival_shootout, layout_rooms, basic_altar,
          hangedman_elven_crosses_minicolossus
Vaults:1: nicolae_vaults_network_star, v_misc_17, nicolae_vaults_cochlea,
          v_misc_27, v_pattern_3, hangedman_vaults_variations, vaults_room_pool,
          nicolae_vaults_offset_grid_hallway_3, nicolae_vaults_tetromino_L_1,
          vaults_mumra_minichess, v_misc_31, ontoclasm_vaults_ring_small,
          layout_vaults_ring
Vaults:2: minmay_crypt_entry_simple_statues, vaults_room_corners,
          nicolae_vaults_shrinking_rooms_1, nicolae_vaults_mitosis,
          dpeg_vaults_monster_box, v_misc_10, nicolae_vaults_network_quinsquares
          [nicolae_vaults_network_quincunx_subvault,
          nicolae_vaults_network_quincunx_subvault,
          nicolae_vaults_network_quincunx_subvault,
          nicolae_vaults_network_quincunx_subvault], vaults_room_door_ring,
          nicolae_vaults_crenellated_ambush, nicolae_vaults_house_3,
          layout_vaults_chaotic_city, serial_shops, shop
Vaults:3: nicolae_vaults_three_branches, ontoclasm_vaults_pinch,
          gammafunk_the_bubble [the_bubble_gammafunk_grid],
          vaults_mumra_chevron_long, vaults_mumra_hex, v_misc_22,
          vaults_dpeg_emergency_exit, hangedman_vaults_pinch,
          nicolae_vaults_specimen_jars, layout_vaults_omnicross, serial_shops,
          bzr_entry_gold, uniq_norris

Skill      XL: |  1  2  3  4  5  6  7  8  9 10 11 12 13 14 15 16 17 18 19 20 |
---------------+-------------------------------------------------------------+-----
Fighting       | 4 5 7 8 10 12 13 15 16 17 19 20 21 23 25 | 25.0
Armour         | 4 5 7 8 10 11 13 15 16 17 18 19 20 22 23 | 23.9
Shields        | 4 5 |  5.6
Axes           | 3 4 5 8 10 12 15 16 18 19 20 | 20.0
Evocations     | 4 6 8 10 | 10.0
Dodging        | 5 12 15 17 18 | 18.0

Action                     |  1- 3 |  4- 6 |  7- 9 | 10-12 | 13-15 | 16-18 | 19-21 || total
---------------------------+-------+-------+-------+-------+-------+-------+-------++-------
  Melee: War axe           |    91 |    68 |       |       |       |       |       ||   159
         Headbutt          |     5 |     9 |    18 |    85 |   182 |   263 |   156 ||   718
         Battleaxe         |       |    18 |   125 |   472 |   836 |  1125 |   509 ||  3085
 Invoke: Trog's Hand       |       |       |       |       |     8 |    15 |     2 ||    25
         Brothers in Arms  |       |       |       |       |       |     2 |     1 ||     3
    Use: Scroll            |       |    12 |     2 |       |    10 |    12 |     7 ||    43
         Potion            |       |       |       |     3 |     7 |     3 |       ||    13
   Stab: Distracted        |       |       |       |       |       |     1 |       ||     1
 Armour: Scale mail        |    66 |    42 |       |       |       |       |       ||   108
         Chain mail        |       |    17 |     3 |       |   191 |   296 |   350 ||   857
         Plate armour      |       |       |   140 |   378 |   620 |   637 |       ||  1775
  Dodge: Dodged            |    42 |    36 |    54 |   105 |   297 |   756 |   302 ||  1592
  Block: Buckler           |    32 |    11 |       |       |       |       |       ||    43

Table legend: (Time is in decaauts)
 A = Elapsed time spent in this place.
 B = Non-inter-level travel time spent in this place.
 C = Inter-level travel time spent in this place.
 D = Time resting spent in this place.
 E = Time spent auto-exploring this place.
 F = Levels seen in this place.
 G = Mean time per level.
                   A        B        C        D        E       F      G
               +--------+--------+--------+--------+--------+-----+--------+
         Total |  50568 |  46819 |   3749 |  11845 |  27164 |  36 | 1404.7 |
       Dungeon |  15971 |  13650 |   2321 |    404 |  11111 |  15 | 1064.7 |
        Temple |    218 |    218 |      0 |    100 |      0 |   1 |  218.0 |
          Lair |   8045 |   7321 |    724 |    741 |   5570 |   5 | 1609.0 |
        Shoals |   9419 |   9232 |    187 |   4992 |   2909 |   4 | 2354.8 |
   Spider Nest |   6737 |   6458 |    279 |   1856 |   3460 |   4 | 1684.2 |
  Orcish Mines |   1661 |   1546 |    115 |    192 |    958 |   2 |  830.5 |
   Elven Halls |   1287 |   1258 |     29 |     45 |    863 |   1 | 1287.0 |
        Vaults |   4862 |   4771 |     91 |   1636 |   2243 |   3 | 1620.7 |
      Ice Cave |   2365 |   2365 |      0 |   1876 |     48 |   1 | 2365.0 |
               +--------+--------+--------+--------+--------+-----+--------+

Top non-repeatable levels by time:
Shoals:3: 2975 daAuts
Vaults:2: 2801 daAuts
Shoals:4: 2478 daAuts
   IceCv: 2365 daAuts
Shoals:2: 2095 daAuts
Spider:1: 1988 daAuts
     D:3: 1928 daAuts
Shoals:1: 1869 daAuts
  Lair:2: 1834 daAuts
  Lair:1: 1787 daAuts
Spider:3: 1751 daAuts
Vaults:1: 1628 daAuts
Spider:2: 1555 daAuts
  Lair:4: 1483 daAuts
  Lair:5: 1479 daAuts
